 Dungeon Crawl Stone Soup version 0.29-a0-222-g5b244fca1f (webtiles) character file.

Game seed: 649689680064717728

5 ReploidZero the Twirler (level 1, -1/11 HPs)
             Began as a Vine Stalker Gladiator on Feb 27, 2022.
             Slain by a frilled lizard (2 damage)
             ... on level 1 of the Dungeon.
             The game lasted 00:00:16 (50 turns).

ReploidZero the Twirler (Vine Stalker Gladiator)      Turns: 50, Time: 00:00:17

Health: -1/11      AC:  4    Str: 16    XL:     1   Next: 80%
Magic:  0/2        EV: 12    Int:  8    God:
Gold:   3          SH:  0    Dex: 15    Spells: 0/0 levels left

rFire   . . .      SeeInvis .   a - +0 quarterstaff
rCold   . . .      Faith    .   (shield currently unavailable)
rNeg    . . .      Spirit   +   b - +0 leather armour
rPois   .          Reflect  .   c - +0 helmet
rElec   .          Harm     .   (no cloak)
rCorr   .          Rampage  .   (no gloves)
Will    .....                   (no boots)
Stlth   +.........              (no amulet)
HPRegen 0.03/turn               (no ring)
MPRegen 0.08/turn               (no ring)

@: no status effects
A: fangs 2, magic shield, antimagic bite, no potion heal 2
a: no special abilities


You were on level 1 of the Dungeon.
You visited 1 branch of the dungeon, and saw 1 of its levels.

You collected 3 gold pieces.

Inventory:

Hand Weapons
 a - a +0 quarterstaff (weapon)
Missiles
 d - 3 throwing nets (quivered)
Armour
 b - a +0 leather armour (worn)
 c - a +0 helmet (worn)
Scrolls
 e - a scroll of teleportation {unknown}


   Skills:
 + Level 1.9 Fighting
 + Level 2.8 Staves
 - Level 1.7 Throwing
 + Level 2.5 Dodging


You couldn't memorise any spells.
You didn't know any spells.
Your spell library was empty.

Dungeon Overview and Level Annotations

Branches:
Dungeon (1/15)

Altars:


Innate Abilities, Weirdness & Mutations

You have extremely sharp teeth.
When hurt, damage is shared between your health and your magic reserves.
Your bite disrupts and absorbs the magic of your enemies.
Potions cannot restore your health.


Message History

There are monsters nearby!
You closely miss the hobgoblin.
The hobgoblin is heavily wounded.
The hobgoblin closely misses you.
You barely miss the hobgoblin.
You bite the hobgoblin, but do no damage.
The hobgoblin is heavily wounded.
The hobgoblin hits you.
The ball python bites you but does no damage.
The ball python barely misses you.
You barely miss the hobgoblin.
The hobgoblin is heavily wounded.
The ball python bites you. The ball python barely misses you.
The hobgoblin hits you but does no damage.
You closely miss the hobgoblin.
The hobgoblin is heavily wounded.
The ball python barely misses you. x2
The hobgoblin hits you but does no damage.
The quokka misses you.
You sock the hobgoblin!
You kill the hobgoblin!
The ball python bites you but does no damage.
The ball python closely misses you. The quokka closely misses you.
The ball python barely misses you. The ball python grabs you.
The ball python constricts you.
You barely miss the ball python. The frilled lizard barely misses you.
The kobold closely misses you.
A kobold comes into view.
It is wielding a +1 short sword of protection.
The quokka closely misses you.
The ball python bites you but does no damage.
The ball python constricts you. The frilled lizard bites you.
* * * LOW HITPOINT WARNING * * *
The kobold hits you with a +0 club.
* * * LOW HITPOINT WARNING * * *
The kobold moves out of view.
You are too injured to fight recklessly!
You escape the ball python's grasp.
The quokka bites you.
* * * LOW HITPOINT WARNING * * *
The frilled lizard bites you.
You die...

. ############ ...
..#..........# #.
#..###.#..........# ..
....[..#..........##..
.......#.............
.............>.....#
#?[................#
..[....l..........##
..!.?.Sr@....†....##
#..###K#.....†.....#
...##...#.####.#####
..........#.# #.....##
........##..#.#
###...## ...##...
#..#.# #.≈.## ... ...
...#.# #.≈.## .# ...
....#.# #.≈..' #.
#.≈.##


You could see a quokka, a ball python, a kobold and a frilled lizard.

Vanquished Creatures
  A ball python (D:1)
  A giant cockroach (D:1)
  A hobgoblin (D:1)
  A quokka (D:1)
4 creatures vanquished.

Notes
Turn   | Place    | Note
-------+----------+-------------------------------------------
     0 | D:1      | ReploidZero the Vine Stalker Gladiator began the quest for
                  | the Orb.
     0 | D:1      | Reached XP level 1. HP: 11/11 MP: 2/2
    50 | D:1      | Slain by a frilled lizard

Illustrated notes

Levels and vault maps discovered:
D:1:      dpeg_arrival_rooms_c, layout_rooms, hellmonk_ecumenical_altar_lost_god

Action                   || total
-------------------------++-------
Melee: Quarterstaff      ||    15
       Bite              ||     5
Armor: Leather armour    ||     6
Dodge: Dodged            ||    20

Table legend: (Time is in decaauts)
 A = Elapsed time spent in this place.
 B = Non-inter-level travel time spent in this place.
 C = Inter-level travel time spent in this place.
 D = Time resting spent in this place.
 E = Time spent auto-exploring this place.
 F = Levels seen in this place.
 G = Mean time per level.
                   A        B        C        D        E       F      G
               +--------+--------+--------+--------+--------+-----+--------+
         Total |     52 |     52 |      0 |      0 |     24 |   1 |   52.0 |
       Dungeon |     52 |     52 |      0 |      0 |     24 |   1 |   52.0 |
               +--------+--------+--------+--------+--------+-----+--------+

Top non-repeatable levels by time:
     D:1: 52 daAuts
